Map: Catalyst LE

Players

CleaR - Winner!

  • Race: Protoss Protoss
  • Spawn Location: 11:00

Nihilbx

  • Race: Zerg Zerg
  • League: Gold
  • Spawn Location: 5:00

VOD

Have the link to the VOD?

Description

Time

  • Played on: Nov. 21, 2017, 3:23 p.m.
  • Length: 12:38
Show
View Real Time Build Order
Export as new Build Order

CleaR Protoss - Winner!

Build Orders:  

Get SALT Encoding   

  12  0:01  Probe  
  13  0:17  Pylon  
  13  0:19  Probe  
  14  0:34  Probe  
  15  0:38  Forge  
  15  0:46  Probe  
  16  0:57  Pylon  
  16  1:13  Pylon  
  16  1:25  Pylon  
  15  1:43  Photon Cannon  
  15  1:46  Photon Cannon  
  15  1:47  Gateway  
  15  1:50  Probe  
  15  1:52  Assimilator  
  16  1:59  Pylon  
  16  2:02  Probe  
  17  2:14  Probe  
  18  2:26  Probe  
  19  2:30  Gateway  
  19  2:35  Zealot (Chrono Boost)  
  21  2:38  Probe  
  21  2:39  Cybernetics Core  
  22  2:44  Pylon  
  22  2:50  Probe  
  23  2:53  Assimilator  
  23  3:02  Probe  
  24  3:14  Probe  
  24  3:16  Stalker (Chrono Boost)  
  24  3:18  Warp Gate (Chrono Boost)  
  27  3:26  Probe  
  28  3:49  Nexus  
  28  3:51  Pylon  
  28  4:18  Photon Cannon  
  28  4:25  Gateway  
  28  4:28  Gateway  
  28  4:57  Adept  
  30  5:01  Probe  
  30  5:05  Probe  
  32  5:09  Adept  
  32  5:13  Probe  
  32  5:14  Protoss Ground Armor Level 1 (Chrono Boost)  
  35  5:17  Probe  
  36  5:25  Probe  
  37  5:29  Probe  
  37  5:31  Adept x2  
  37  5:32  Adept x2  
  46  5:37  Probe  
  46  5:41  Probe  
  48  5:48  Robotics Facility  
  48  5:49  Probe  
  49  5:50  Forge  
  49  5:51  Pylon  
  49  5:53  Probe  
  50  5:59  Stalker  
  52  6:06  Probe x2  
  54  6:18  Probe x2  
  56  6:30  Probe x2  
  56  6:31  Protoss Ground Weapons Level 1 (Chrono Boost)  
  58  6:35  Stalker x3  
  64  6:40  Pylon  
  64  6:42  Probe  
  65  6:51  Immortal (Chrono Boost)  
  69  6:56  Probe  
  69  6:58  Probe  
  71  7:06  Pylon  
  71  7:08  Probe  
  71  7:10  Probe  
  71  7:11  Pylon  
  73  7:15  Assimilator  
  73  7:18  Assimilator  
  73  7:26  Twilight Council  
  73  7:35  Observer (Chrono Boost)  
  74  7:41  Stalker x4  
  82  7:51  Pylon  
  82  7:53  Immortal  
  82  7:56  Pylon  
  86  7:59  Pylon  
  86  8:08  Adept x4  
  94  8:15  Protoss Ground Armor Level 2 (Chrono Boost)  
  94  8:27  Protoss Ground Weapons Level 2 (Chrono Boost)  
  94  8:31  Resonating Glaives (Chrono Boost)  
  94  8:48  Gateway  
  94  8:51  Gateway  
  94  8:53  Pylon  
  94  8:54  Pylon  
  94  9:08  Stalker x3  
  94  9:09  Stalker  
  102  9:16  Nexus  
  102  9:26  Robotics Facility  
  102  9:41  Warp Prism (Chrono Boost)  
  104  9:59  Stalker x4  
  112  10:39  Adept x5  
  112  10:40  Adept  
  58  11:53  Stalker x4  
  64  11:54  Stalker x2  
  60  12:19  Adept x2  
  60  12:21  Adept x4  
Show
View Real Time Build Order
Export as new Build Order

Nihilbx Zerg 

Build Orders: Pool First 

Get SALT Encoding   

  12  0:01  Drone  
  13  0:13  Overlord  
  13  0:17  Drone  
  14  0:33  Drone x2  
  16  0:46  Drone  
  16  0:49  Extractor, Drone  
  17  0:57  Spawning Pool  
  17  0:58  Drone  
  17  1:23  Drone x2  
  19  1:32  Drone  
  20  1:45  Hatchery  
  19  1:57  Zergling x4  
  21  2:05  Metabolic Boost  
  21  2:24  Overlord  
  21  2:36  Overlord  
  21  2:42  Queen  
  23  2:55  Drone x3  
  26  3:08  Zergling x2  
  27  3:15  Extractor, Roach Warren  
  27  3:17  Queen  
  27  3:31  Baneling Nest  
  27  3:33  Evolution Chamber  
  25  3:35  Spore Crawler  
  26  3:55  Drone x2  
  26  3:56  Drone x4  
  30  4:04  Lair  
  30  4:16  Spine Crawler  
  29  4:18  Drone  
  29  4:20  Drone  
  31  4:31  Queen  
  33  4:39  Zerg Ground Armor Level 1  
  33  5:04  Pneumatized Carapace  
  33  5:07  Drone x3  
  33  5:10  Overlord  
  33  5:11  Overlord  
  36  5:45  Roach x5  
  36  5:46  Roach x3  
  36  5:48  Overlord  
  36  5:49  Overlord  
  52  6:06  Glial Reconstitution  
  52  6:19  Zergling x2  
  52  6:20  Zergling x12  
  52  6:21  Zergling x2  
  60  6:27  Extractor  
  60  6:29  Drone x3  
  60  6:30  Drone  
  63  6:33  Zerg Missile Weapons Level 1  
  63  6:49  Drone  
  63  6:50  Drone x3  
  67  7:04  Drone  
  67  7:05  Overlord  
  68  7:09  Overlord  
  68  7:11  Hatchery  
  68  7:13  Extractor  
  66  7:15  Extractor  
  65  7:29  Drone  
  68  7:30  Drone x7  
  68  7:31  Drone  
  74  7:37  Extractor  
  73  7:44  Drone x3  
  73  7:45  Hydralisk Den  
  75  8:16  Muscular Augments  
  75  8:25  Spire, Drone  
  75  8:26  Drone x2  
  77  8:34  Queen  
  77  8:39  Drone x4  
  77  8:40  Drone x7  
  90  8:42  Overlord x3  
  90  8:43  Overlord x2  
  90  9:10  Drone  
  90  9:11  Drone x2  
  90  9:14  Drone x3  
  96  9:19  Hydralisk x6  
  108  9:33  Spire  
  108  9:34  Infestation Pit, Zerg Ground Armor Level 2  
  106  9:40  Zerg Flyer Weapons Level 1  
  106  9:41  Evolution Chamber  
  105  10:42  Zergling x6  
  108  10:43  Zergling x12  
  108  10:44  Zergling x14  
  108  10:45  Zergling x2  
  108  10:48  Centrifical Hooks  
  120  10:54  Overlord x3  
  120  11:02  Baneling x5  
  120  11:03  Baneling x6  
  120  11:04  Baneling x8  
  120  11:05  Baneling x3  
  120  11:18  Roach x3  
  120  11:19  Roach x5  
  120  11:20  Roach  
  109  11:36  Zergling x4  
  109  11:37  Zergling x6  
  92  11:46  Zergling x2  
  92  11:47  Zergling x2  
  83  11:53  Zergling x10  
  83  11:54  Zergling x2  
  76  12:04  Zergling x6  
Tags
 
League
Gold
Matchup
PvZ
Opening
Pool First
Spawn Locations
Cross Positions
Add a new tag
Caveats
  • Supply blocks, unpowered buildings, or Contaminate may cause inaccurate times.
  • Supply counts are checked every 10 seconds.